 Dungeon Crawl Stone Soup version 0.23.2-40-g277498a (webtiles) character file.

Game seed: 2460820191198878110

23423 Kostura the Blocker (level 13, -19/98 HPs)
             Began as a Human Fighter on Aug 23, 2019.
             Was the Champion of the Shining One.
             Killed from afar by a deep elf mage (42 damage)
             ... with a bolt of lightning
             ... on level 1 of the Elven Halls.
             The game lasted 01:23:42 (15670 turns).

Kostura the Blocker (Human Fighter)                Turns: 15670, Time: 01:23:44

Health: -19/98     AC: 20    Str: 21    XL:     13   Next: 35%
Magic:  28/28      EV: 12    Int:  8    God:    the Shining One [******]
Gold:   307        SH: 15    Dex: 12    Spells: 12/12 levels left

rFire    + . .     SeeInvis .   h - +0 long sword (freeze)
rCold    . . .     Gourm    .   c - +0 shield
rNeg     + + +     Faith    .   e - +1 plate armour {rF+}
rPois    .         Spirit   .   u - +1 helmet of Lugonu's Hatred {rN++}
rElec    .         Reflect  +   d - +0 cloak
rCorr    .         Harm     .   B - +0 pair of gloves
MR       .....                  q - +0 pair of boots
Stlth    ..........             r - amulet of Veriyn {Reflect *Contam rN+++ MP+9 Int-2 SH+2}
HPRegen  0.26/turn              w - +4 ring of slaying
MPRegen  0.21/turn              C - +6 ring of evasion

@: glowing
A: no striking features
a: Divine Shield, Cleansing Flame, Summon Divine Warrior, Brand Weapon With Holy
Wrath, Renounce Religion


You were on level 1 of the Elven Halls.
You worshipped the Shining One.
The Shining One was exalted by your worship.
You were not hungry.

You visited 4 branches of the dungeon, and saw 16 of its levels.

You collected 1432 gold pieces.
You spent 994 gold pieces at shops.
You donated 131 gold pieces to Zin.

Inventory:

Hand Weapons
 h - a +0 long sword of freezing (weapon)
Armour
 c - a +0 shield (worn)
 d - a +0 cloak (worn)
 e - a +1 plate armour of fire resistance (worn)
 q - a +0 pair of boots (worn)
 u - the +1 helmet of Lugonu's Hatred (worn) {rN++}
   (You bought it in a shop on level 2 of the Orcish Mines)

   It greatly protects you from negative energy.
 B - a +0 pair of gloves (worn)
Jewellery
 r - the amulet of Veriyn (around neck) {Reflect *Contam rN+++ MP+9 Int-2 SH+2}
   (You bought it in a shop on level 2 of the Orcish Mines)

   [amulet of reflection]

   It shields you and reflects attacks.
   It affects your intelligence (-2).
   It renders you almost immune to negative energy.
   It affects your magic capacity (+9).
   It causes magical contamination when unequipped.
   It affects your SH (+2).
 w - a +4 ring of slaying (left hand)
 C - a +6 ring of evasion (right hand)
Wands
 i - a wand of acid (15)
 t - a wand of scattershot (5)
 y - a wand of paralysis (6)
 z - a wand of disintegration (9)
 D - a wand of flame (8)
Scrolls
 a - 9 scrolls of remove curse
 n - a scroll of teleportation
 o - a scroll of enchant weapon
 p - a scroll of blinking
Potions
 b - 2 potions of mutation
 g - a potion of heal wounds
 j - a potion of agility
 k - a potion of brilliance {unknown}
 l - a potion of magic {unknown}
 m - 4 potions of lignification
 v - a potion of invisibility {unknown}
 x - 2 potions of flight
 G - 2 potions of resistance
Comestibles
 f - 29 rations


   Skills:
 + Level 7.9 Fighting
 + Level 12.2 Long Blades
 + Level 7.5 Armour
 * Level 12.4 Shields
 + Level 1.1 Invocations
 * Level 8.3 Evocations


You had 12 spell levels left.
You didn't know any spells.
Your spell library contained the following spells:

 Spells                   Type           Power        Failure   Level  Hunger
 Sandblast                Erth           #.....       100%        1    ##.....
 Passwall                 Tmut/Erth      #.......     100%        2    ###....
 Stone Arrow              Conj/Erth      #.....       100%        3    ####...
 Petrify                  Tmut/Erth      #.......     100%        4    #####..
 Lee's Rapid Deconstruct  Erth           #.........   100%        5    ######.


Dungeon Overview and Level Annotations

Branches:
Dungeon (12/15)            Temple (1/1) D:7            Lair (0/6) D:11
    Orc (2/2) D:12            Elf (1/3) Orc:2

Altars:
Ashenzari
Cheibriados
Elyvilon
Gozag
Hepliaklqana
Kikubaaqudgha
Makhleb
Nemelex Xobeh
Okawaru
Qazlal
Ru
Sif Muna
Uskayaw
Vehumet
Wu Jian
Xom
Yredelemnul
Zin
The Shining One
Beogh
Lugonu

Shops:
D:5 ?*   D:6 :*=*   Orc:1 }   Orc:2 ??=[(

Annotations:
D:9 exclusion: statue
Orc:2 3 runed translucent doors, zhovat's ghost, journeyman MiFi


Message History

The deep elf mage closely misses you.
You slash the deep elf mage! You freeze the deep elf mage.
The deep elf mage is severely wounded.
You block the fire elemental's attack.
The deep elf mage points at you and mumbles some strange words.
The bolt of fire hits you!! You resist. You block the fire elemental's attack.
The deep elf mage mumbles some strange words.
The deep elf mage blinks!
You block the deep elf mage's attack. The fire elemental hits you.
The deep elf mage mumbles some strange words.
The deep elf mage blinks!
The deep elf mage gestures wildly while chanting.
The deep elf mage blinks!
The deep elf mage is engulfed in blazing flames.
The deep elf mage casts a spell at you.
The bolt of lightning misses the fire elemental.
The bolt of lightning hits you!!
* * * LOW HITPOINT WARNING * * *
The bolt of lightning hits you!!!
You die...

#.....#
###.....###
.#.....#.
###°....###.#
+.#e°§°.#e*..
..###☼e○○.###.#
..'.#.E☼eE#.'.#
..###...E.#####
#..§@.# #.....#
#######


You could see 3 deep elf magi and 3 fire elementals.

Vanquished Creatures
  Josephine (D:10)
  Fannar (D:10)
  A two-headed ogre (D:10)
  4 orc high priests
  Nergalle (Orc:1)
  An unseen horror (D:11)
  2 orc knights (Orc:1)
  3 deep elf magi (Elf:1)
  2 orc sorcerers (Orc:1)
  Maurice (D:12)
  2 ice devils (Orc:2)
  4 trolls
  2 hippogriffs
  A shadow (D:12)
  5 wraiths
  A spriggan (D:7)
  9 yaks
  2 wargs
  4 vampire mosquitoes (D:11)
  3 hungry ghosts
  Edmund (D:6)
  Menkaure (D:4)
  A water moccasin (D:7)
  4 porcupines
  21 orc warriors
  2 sky beasts
  4 black bears
  5 ice beasts
  2 phantoms
  A necrophage (D:11)
  4 ogres
  A centaur (D:11)
  2 crocodiles
  9 bullfrogs
  A big kobold (D:11)
  A wyvern skeleton (D:11)
  3 scorpions
  6 killer bees
  3 vampire bats (D:9)
  18 wights
  5 howler monkeys
  2 centaur zombies
  3 crimson imps
  3 bullfrog zombies
  9 hounds
  A centaur skeleton (D:4)
  4 jellies
  27 orc priests
  2 bullfrog skeletons
  25 orc wizards
  4 iguanas
  6 worker ants
  A killer bee zombie (D:9)
  Robin (D:2)
  3 worker ant zombies
  6 gnolls
  A howler monkey skeleton (D:9)
  21 adders
  2 shadow imps
  2 oozes (D:3)
  An adder zombie (D:8)
  An adder skeleton (D:7)
  A worm (D:3)
  3 dart slugs
  6 leopard geckos
  51 orcs
  A ball python (D:5)
  8 bats
  3 bat skeletons (D:9)
  3 bat zombies (D:9)
  5 giant cockroaches
  17 goblins
  11 hobgoblins
  12 jackals
  12 kobolds
  2 quokkas
  4 frilled lizards
  A quokka skeleton (D:5)
  10 rats
  A spectral orc (D:5)
  3 demonic plants (Temple)
424 creatures vanquished.

Vanquished Creatures (others)
  An orc priest (Orc:1)
  An iguana (D:7)
  A giant cockroach (D:7)
  22 fungi (D:11)
  5 plants (D:11)
30 creatures vanquished.

Grand Total: 454 creatures vanquished

Notes
Turn   | Place    | Note
-------+----------+-------------------------------------------
     0 | D:1      | Kostura the Human Fighter began the quest for the Orb.
     0 | D:1      | Reached XP level 1. HP: 18/18 MP: 1/1
     3 | D:1      | Noticed a minotaur skeleton
   100 | D:1      | Reached XP level 2. HP: 19/24 MP: 2/2
   386 | D:1      | Reached XP level 3. HP: 23/29 MP: 3/3
   982 | D:2      | Reached XP level 4. HP: 25/35 MP: 4/4
  1034 | D:2      | Reached XP level 5. HP: 11/41 MP: 5/5
  1419 | D:2      | Found a white marble altar of Elyvilon.
  1419 | D:2      | Found a snail-covered altar of Cheibriados.
  1455 | D:2      | Noticed Robin
  1488 | D:2      | Killed Robin
  2072 | D:2      | Found a deep blue altar of Sif Muna.
  2303 | D:3      | Reached XP level 6. HP: 45/47 MP: 6/6
  2588 | D:3      | Found a faded altar of an unknown god.
  3149 | D:4      | Noticed an ogre
  3156 | D:4      | Killed an ogre
  3156 | D:4      | Reached XP level 7. HP: 35/53 MP: 7/7
  3189 | D:4      | Reached skill level 5 in Shields
  3284 | D:4      | Noticed Menkaure
  3289 | D:4      | Killed Menkaure
  3842 | D:4      | Reached skill level 5 in Long Blades
  3842 | D:4      | Reached skill level 1 in Evocations
  3842 | D:4      | Reached XP level 8. HP: 33/60 MP: 8/8
  4089 | D:5      | Entered Level 5 of the Dungeon
  4689 | D:5      | Found Dapp's General Store.
  4717 | D:5      | Found Eggaffel's Magic Scroll Shop.
  4784 | D:5      | Found a basalt altar of Yredelemnul.
  5102 | D:6      | Found Humpyem's General Store.
  5137 | D:6      | Found a shimmering altar of Xom.
  5138 | D:6      | Found a shimmering altar of Xom.
  5138 | D:6      | Found a shimmering altar of Xom.
  5144 | D:6      | Found a shimmering altar of Xom.
  5150 | D:6      | Reached skill level 5 in Armour
  5195 | D:6      | Found Teusee's Book Boutique.
  5229 | D:6      | Reached XP level 9. HP: 66/66 MP: 10/10
  5250 | D:6      | Found a shattered altar of Ashenzari.
  5282 | D:6      | Found a sparkling altar of Nemelex Xobeh.
  5286 | D:6      | Noticed Edmund
  5308 | D:6      | Killed Edmund
  5351 | D:6      | Found Tolat's General Store.
  5352 | D:6      | Found Geing's Jewellery Shop.
  5369 | D:6      | Bought an uncursed ring of see invisible for 165 gold
                  | pieces
  5702 | D:7      | Found a hide-covered altar of Uskayaw.
  5702 | D:7      | Found an ornate altar of the Wu Jian Council.
  6183 | D:7      | Found a staircase to the Ecumenical Temple.
  6196 | Temple   | Entered the Ecumenical Temple
  6303 | Temple   | Became a worshipper of Zin the Law-Giver
  6303 | Temple   | Reached * piety under Zin
  6400 | D:7      | Donated 62 gold pieces to Zin
  6430 | D:7      | Found a stormy altar of Qazlal.
  6748 | D:7      | Found a glowing golden altar of the Shining One.
  6767 | D:7      | Donated 51 gold pieces to Zin
  6768 | D:7      | Fell from the grace of Zin
  6768 | D:7      | Became a worshipper of the Shining One
  7036 | D:7      | Reached skill level 5 in Fighting
  7404 | D:8      | Noticed a hippogriff
  7406 | D:8      | Reached * piety under the Shining One
  7759 | D:8      | Reached XP level 10. HP: 34/74 MP: 13/13
  8431 | D:9      | Reached ** piety under the Shining One
  8449 | D:9      | Found an ancient bone altar of Kikubaaqudgha.
  8659 | D:9      | Found a radiant altar of Vehumet.
  8729 | D:9      | Reached skill level 5 in Evocations
  8825 | D:9      | Found a glowing golden altar of the Shining One.
  9027 | D:10     | Entered Level 10 of the Dungeon
  9304 | D:10     | Reached *** piety under the Shining One
  9469 | D:10     | Noticed a two-headed ogre
  9710 | D:10     | Killed a two-headed ogre
  9949 | D:10     | Reached XP level 11. HP: 58/81 MP: 15/15
 10063 | D:11     | Noticed Fannar
 10181 | D:10     | Killed Fannar
 10318 | D:11     | Found a staircase to the Lair.
 10328 | D:11     | Noticed Josephine
 10331 | D:11     | Noticed an unseen horror
 10348 | D:11     | Reached skill level 10 in Long Blades
 10349 | D:11     | Found a deep blue altar of Sif Muna.
 10477 | D:11     | Reached **** piety under the Shining One
 10498 | D:11     | Killed an unseen horror
 10707 | D:10     | Reached skill level 10 in Shields
 10782 | D:10     | Killed Josephine
 11047 | D:11     | Reached XP level 12. HP: 87/89 MP: 16/16
 11265 | D:12     | Noticed Maurice
 11279 | D:12     | Killed Maurice
 11385 | D:12     | Reached ***** piety under the Shining One
 11741 | D:12     | Found a staircase to the Orcish Mines.
 11759 | Orc:1    | Entered Level 1 of the Orcish Mines
 11759 | Orc:1    | Found Gualuh's Gadget Shoppe.
 11969 | Orc:2    | Entered Level 2 of the Orcish Mines
 11969 | Orc:2    | Found a staircase to the Elven Halls.
 12101 | Orc:2    | Noticed an orc high priest
 12122 | Orc:1    | Killed an orc high priest
 12223 | Orc:2    | Found Zorch's Jewellery Shoppe.
 12223 | Orc:2    | Found Gaosiupt's Magic Scroll Emporium.
 12223 | Orc:2    | Noticed an orc high priest
 12255 | Orc:1    | Paralysed by an orc sorcerer for 4 turns
 12257 | Orc:1    | Noticed a sixfirhy
 12387 | Orc:2    | Killed an orc high priest
 12415 | Orc:2    | Noticed an orc high priest
 12427 | Orc:2    | Killed an orc high priest
 12435 | Orc:2    | Found Penwes's Antique Armour Shoppe.
 12436 | Orc:2    | Found Beame's Magic Scroll Emporium.
 12532 | Orc:2    | Noticed an orc high priest
 12542 | Orc:2    | Noticed a sun demon
 12560 | Orc:2    | Killed an orc high priest
 12583 | Orc:2    | Reached skill level 1 in Invocations
 12583 | Orc:2    | Reached XP level 13. HP: 40/96 MP: 18/18
 12844 | Orc:2    | Bought the amulet of Veriyn {Reflect *Contam rN+++ MP+9
                  | Int-2 SH+2} for 535 gold pieces
 12900 | Orc:2    | Found a roughly hewn altar of Beogh.
 13000 | Orc:2    | Found a runed translucent gate.
 13001 | Orc:2    | Found a runed translucent gate.
 13003 | Orc:2    | Found a runed translucent gate.
 13003 | Orc:2    | Noticed a merfolk javelineer
 13003 | Orc:2    | Noticed a centaur warrior
 13004 | Orc:2    | Noticed zhovat's ghost (journeyman MiFi)
 13006 | Orc:2    | Found an iron altar of Okawaru.
 13045 | Orc:1    | Noticed Nergalle
 13050 | Orc:1    | Reached ****** piety under the Shining One
 13079 | Orc:1    | HP: 4/97 [poisoned by Nergalle]
 13413 | Orc:2    | Found Uqyosam's Antique Weapon Shop.
 13550 | Orc:1    | Killed Nergalle
 13713 | Orc:2    | Bought a slimy helmet for 294 gold pieces
 13726 | Orc:2    | Identified the +1 helmet of Lugonu's Hatred {rN++} (You
                  | bought it in a shop on level 2 of the Orcish Mines)
 15641 | Elf:1    | Entered Level 1 of the Elven Halls
 15670 | Elf:1    | Killed from afar by a deep elf mage

Skill      XL: |  1  2  3  4  5  6  7  8  9 10 11 12 13 |
---------------+----------------------------------------+-----
Long Blades    | 3 4 5 6 7 9 10 11 12 | 12.2
Shields        | 4 5 6 7 9 10 11 12 | 12.4
Armour         | 4 5 6 7 |  7.5
Fighting       | 4 5 6 7 |  7.9
Evocations     | 1 2 4 5 6 7 8 |  8.3
Invocations    | 1 |  1.1

Action                   |  1- 3 |  4- 6 |  7- 9 | 10-12 | 13-15 || total
-------------------------+-------+-------+-------+-------+-------++-------
Melee: Long sword        |    82 |   248 |   435 |   684 |   226 ||  1675
Invok: Donate Gold       |       |       |     2 |       |       ||     2
       Divine Shield     |       |       |       |     2 |       ||     2
       Cleansing Flame   |       |       |       |     1 |       ||     1
Evoke: Wand              |       |       |       |     1 |       ||     1
  Use: Scroll            |       |     8 |     8 |    12 |     2 ||    30
       Potion            |       |     2 |     1 |     5 |     1 ||     9
 Stab: Distracted        |       |       |     1 |       |       ||     1
  Eat: Chunk             |       |     7 |     7 |     9 |     6 ||    29
       Ration            |       |       |     3 |     3 |     1 ||     7
Armor: Scale mail        |    30 |    44 |       |       |       ||    74
       Chain mail        |       |    97 |   193 |    53 |       ||   343
       Plate armour      |       |       |       |    67 |    74 ||   141
       Troll leather arm |       |       |       |    93 |       ||    93
Dodge: Dodged            |    22 |    72 |    70 |   251 |   101 ||   516
Block: Shield            |    37 |   128 |   203 |   416 |   196 ||   980
       Reflection        |       |       |       |     6 |     2 ||     8
       Rpst.: Long sword |     5 |    19 |    23 |    80 |    26 ||   153
